 Dungeon Crawl Stone Soup version 0.31-a0-931-g7b59d4eb97 (webtiles) character file.

Game seed: 6827538519277063771

5173 Pixllover the Geomancer (level 10, 0/56 HPs)
             Began as a Gargoyle Earth Elementalist on Oct 19, 2023.
             Slain by a komodo dragon (6 damage)
             ... on level 9 of the Dungeon.
             The game lasted 00:23:38 (8136 turns).

Pixllover the Geomancer (GrEE)                      Turns: 8136, Time: 00:23:39

Health: 0/56       AC: 15    Str: 11    XL:     10   Next: 59%
Magic:  15/23      EV: 12    Int: 21    God:
Gold:   719        SH:  0    Dex: 10    Spells: 17/27 levels left

rFire   . . .        i - +0 battleaxe
rCold   . . .        (shield currently unavailable)
rNeg    + . .        a - +0 robe
rPois   ∞            s - +2 hat
rElec   +            (no cloak)
rCorr   .            g - +0 pair of gloves
SInv    .            m - +2 pair of boots {Fly}
Will    .....        v - amulet of regeneration
Stlth   ++           (no ring)
HPRegen 1.09/turn    (no ring)
MPRegen 0.18/turn

%: no passive effects
@: about to teleport, flying
A: sickness immunity, AC +7, negative energy resistance 1, electricity
resistance, torment resistance 1, petrification resistance
a: no special abilities


You were on level 9 of the Dungeon.
You visited 1 branch of the dungeon, and saw 9 of its levels.
You also visited: Sewer and Ossuary.

You collected 719 gold pieces.

Inventory:

Hand Weapons
 i - a +0 battleaxe (weapon)
Missiles
 j - 7 poisoned darts (quivered)
 u - 6 javelins
Armour
 a - a +0 robe (worn)
 g - a +0 pair of gloves (worn)
 m - a +2 pair of boots of flying (worn)
 s - a +2 hat (worn)
Jewellery
 e - the ring "Zexoen" {rN+ Int+5}
   (You found it on level 8 of the Dungeon)

   [ring of positive energy]

   Int+5:     It affects your intelligence (+5).
   rN+:       It protects you from negative energy.
 v - an amulet of regeneration (around neck)
 w - an amulet of guardian spirit
Wands
 d - a wand of flame (52)
Scrolls
 c - 2 scrolls of poison
 f - 3 scrolls of teleportation
 k - 2 scrolls of amnesia
 l - a scroll of noise
 n - a scroll of identify
Potions
 b - 2 potions of magic
 h - a potion of enlightenment {unknown}
 o - 2 potions of mutation {unknown}
 p - 3 potions of heal wounds
 q - 10 potions of curing
 r - a potion of invisibility {unknown}
 x - a potion of attraction {unknown}
 z - a potion of cancellation {unknown}
 A - 2 potions of might {unknown}


   Skills:
 + Level 3.5 Fighting
 + Level 3.9 Axes
 + Level 3.3 Dodging
 + Level 3.9 Stealth
 + Level 0.1 Unarmed Combat
 + Level 9.2 Spellcasting
 + Level 1.2 Conjurations
 + Level 1.0 Transmutations
 + Level 11.6 Earth Magic


You had 17 spell levels left.
You knew the following spells:

 Your Spells              Type           Power      Damage    Failure   Level
a - Sandblast             Erth           100%       2d20      1%          1
b - Passwall              Tmut/Erth      30%        N/A       1%          2
c - Stone Arrow           Conj/Erth      72%        3d11      1%          3
d - Brom's Barrelling Bo  Conj/Erth      36%        2d6       4%          4

Your spell library contained the following spells:

 Spells                   Type           Power      Damage    Failure   Level
 Magic Dart               Conj           60%        1d6       4%          1
 Petrify                  Tmut/Erth      36%        N/A       5%          4
 Searing Ray              Conj           30%        2d5       6%          2
 Animate Armour           Summ/Erth      68%        N/A       6%          4
 Summon Small Mammal      Summ           36%        N/A       7%          1
 Call Canine Familiar     Summ           9%         N/A       22%         3
 Summon Guardian Golem    Hex/Summ       9%         N/A       22%         3
 Tukima's Dance           Hex            9%         N/A       22%         3
 Fulminant Prism          Conj/Hex       6%         3d7       47%         4
 Iskenderun's Mystic Bla  Conj/Tloc      12%        2d5       47%         4
 Dimensional Bullseye     Hex/Tloc       4%         N/A       56%         4
 Lehudib's Crystal Spear  Conj/Erth      18%        10d5      100%        8


Dungeon Overview and Level Annotations

Branches:
Dungeon (9/15)             Temple (0/1) D:6           Sewer (visited)
Ossuary (visited)
   Lair: D:8-11         Orc: D:9-12

Altars:
Gozag
Hepliaklqana
Ru

Annotations:
D:1 1 transporter
D:9 Erolcha


Innate Abilities, Weirdness & Mutations

You are immune to sickness and miasma.
Your stone body is resilient. (AC +7)
You are immune to poison.
You resist negative energy. (rN+)
You are resistant to electric shocks. (rElec)
You are resistant to unholy torment.
You are immune to petrification.


Message History

Erolcha is knocked back.
The boulder barrels into Erolcha!
Erolcha is heavily wounded.
Erolcha is knocked back.
The boulder barrels into Erolcha!
Erolcha is severely wounded.
The boulder barrels into Erolcha!
Erolcha is severely wounded.
Your boulder is destroyed!
Casting: Brom's Barrelling Boulder (dangerous; 4% risk of failure)
Confirm with . or Enter, or press ? or * to list all spells.
Aiming: Brom's Barrelling Boulder (dangerous; 4% risk of failure)
Press: ? - help, Dir - move target, f/p - Erolcha
Aim: Erolcha, wielding a +0 giant club, wearing a +0 robe and carrying a wand of mindburst (sparse dust, severely wounded, 100% to hit)
You send a boulder barrelling forward!
Erolcha mumbles some strange words.
Erolcha flickers and vanishes!
The boulder barrels into something!
The boulder barrels into something!
Your boulder crumbles as it rolls away.
You hear a zap.
Something tries to affect you, but you resist.
A komodo dragon comes into view.
The komodo dragon bites you!!
You closely miss the komodo dragon. The komodo dragon barely misses you.
You barely miss the komodo dragon.
The komodo dragon bites you but does no damage. x2
You barely miss the komodo dragon. The komodo dragon closely misses you.
You hit the komodo dragon.
The komodo dragon is lightly wounded.
The komodo dragon bites you.
You hear a zap.
Your mind is blasted!
The komodo dragon bites you!!
* * * LOW HITPOINT WARNING * * *
You barely miss the komodo dragon.
The komodo dragon is lightly wounded.
The komodo dragon closely misses you. Something barely misses you.
Okay, then.
As you read the scroll of teleportation, it crumbles to dust.
You feel strangely unstable. The komodo dragon bites you.
You die...

.. ##### ..####
#...###########....#
#.........†...#....####.
#..)#########.#.........
#..).......<#.#.........
#.......#####.#.l.......
#.......#####.#.@.......
#.......#.....#{##......
#.......#.....#.# ...#P
##......#.....#.# ###
#.#'####....Y#.#
##.#.########÷#.#
#.....O.# #.#.#
#.......# #.#.#
#.......# #.#.##


You could see a komodo dragon.

Vanquished Creatures
  Pikel (D:8)
  A hornet (D:7)
  7 yaks (D:9)
  2 steam dragons (D:7)
  A water moccasin (D:6)
  Pargi (Sewer)
  5 orc warriors
  An ice beast (D:7)
  2 ogres
  3 sky beasts
  3 centaurs
  2 phantoms (D:4)
  3 bullfrogs
  A gnoll sergeant (D:6)
  3 scorpions
  4 wights (D:7)
  2 hounds (D:6)
  4 orc priests
  2 jellies
  4 iguanas
  Ijyb (D:4)
  A sleepcap (D:7)
  9 orc wizards
  8 mummies (Ossuary)
  5 gnolls (D:6)
  11 adders
  2 shadow imps (D:6)
  A white imp (D:6)
  4 ufetubi
  A worm (D:2)
  3 dart slugs
  18 orcs
  7 ball pythons
  12 bats
  8 endoplasms
  3 giant cockroaches
  A gnoll zombie (Ossuary)
  7 goblins
  8 hobgoblins
  2 quokkas
  A frilled lizard (D:3)
  A goblin zombie (D:5)
  2 hobgoblin zombies (Ossuary)
  6 kobolds
  A kobold zombie (Ossuary)
  4 orc zombies (Ossuary)
  A quokka zombie (D:5)
  2 rats
182 creatures vanquished.

Vanquished Creatures (collateral kills)
  6 boulders (D:9)
6 creatures vanquished.

Vanquished Creatures (others)
  7 boulders (D:9)
7 creatures vanquished.

Grand Total: 195 creatures vanquished

Notes
Turn   | Place    | Note
-------+----------+-------------------------------------------
     0 | D:1      | Pixllover the Gargoyle Earth Elementalist began the quest
                  | for the Orb.
     0 | D:1      | Reached XP level 1. HP: 10/10 MP: 3/3
   235 | D:1      | Reached skill level 1 in Transmutations
   261 | D:1      | Reached skill level 4 in Earth Magic
   261 | D:1      | Reached XP level 2. HP: 15/15 MP: 0/5
   722 | D:1      | Reached XP level 3. HP: 19/19 MP: 4/6
  1423 | D:2      | Reached XP level 4. HP: 24/24 MP: 5/8
  1850 | D:2      | Found a faded altar of an unknown god.
  2072 | D:3      | Reached skill level 5 in Earth Magic
  2786 | D:4      | Found an opulent altar of Gozag.
  2830 | D:4      | Found a glowing drain.
  2834 | Sewer    | Entered a sewer
  2888 | Sewer    | Noticed Pargi
  2906 | Sewer    | Killed Pargi
  2907 | Sewer    | Reached XP level 5. HP: 10/28 MP: 2/10
  3103 | D:4      | Reached XP level 6. HP: 32/32 MP: 8/11
  3153 | D:4      | Noticed Ijyb
  3160 | D:4      | Killed Ijyb
  3209 | D:4      | Reached skill level 6 in Earth Magic
  3252 | D:4      | Learned a level 2 spell: Passwall
  3256 | D:4      | Learned a level 3 spell: Stone Arrow
  3392 | D:4      | Reached XP level 7. HP: 36/36 MP: 8/14
  3618 | D:4      | You fall into a shaft and drop 2 floors!
  3633 | D:6      | Reached skill level 5 in Spellcasting
  3694 | D:6      | Reached skill level 7 in Earth Magic
  3710 | D:5      | Entered Level 5 of the Dungeon
  3901 | D:5      | Found a hazy altar of Hepliaklqana.
  3941 | D:5      | Found a sand-covered staircase.
  3951 | Ossuary  | Entered an ossuary
  4193 | Ossuary  | Reached XP level 8. HP: 42/42 MP: 14/16
  4349 | D:5      | Reached skill level 8 in Earth Magic
  5430 | D:6      | Reached skill level 9 in Earth Magic
  5702 | D:6      | Found a staircase to the Ecumenical Temple.
  5721 | D:6      | Reached XP level 9. HP: 40/46 MP: 7/19
  6007 | D:7      | Reached skill level 1 in Fighting
  6052 | D:7      | Reached skill level 1 in Axes
  6067 | D:7      | Noticed a hornet
  6079 | D:7      | Reached skill level 10 in Earth Magic
  6081 | D:7      | Killed a hornet
  6142 | D:7      | Found a sacrificial altar of Ru.
  6864 | D:8      | Reached skill level 11 in Earth Magic
  6886 | D:8      | Learned a level 4 spell: Brom's Barrelling Boulder
  6908 | D:8      | Reached XP level 10. HP: 52/53 MP: 22/22
  7156 | D:8      | Identified the ring "Zexoen" {rN+ Int+5}
  7178 | D:8      | Noticed Pikel
  7187 | D:8      | Killed Pikel
  7888 | D:9      | Reached skill level 1 in Conjurations
  8050 | D:9      | Noticed Erolcha
  8136 | D:9      | Slain by a komodo dragon

Illustrated notes

Levels and vault maps discovered:
D:1:      spicycebolla_arrival_transporter_tutorial, layout_loops_ring,
          minmay_curled_crystal
D:2:      layout_basic, basic_ecumenical_altar, serial_co_window_serial,
          co_window_corner_a, co_window_paths_a, co_window_paths_a,
          co_window_corner_a, co_window_of_opportunity_a, co_window_2corner,
          co_window_corner_b, co_window_broadway_c
D:3:      wander_river, layout_loops_corners
D:4:      layout_basic, nicolae_gozag_seed_capital, gup_sewer_entry_bowl,
          minmay_circle_x, uniq_ijyb
D:5:      layout_rooms, mainiacjoe_overflow_catwalk, enter_ossuary_4,
          chequers_garden, minmay_misc_feat_five, chequers_big_river
D:6:      layout_basic, minmay_temple_entry_junction
D:7:      layout_cave_pools, nicolae_ru_the_path_less_chosen, dk_vineyard_2
D:8:      layout_cave_pools, uniq_pikel
D:9:      layout_basic, david_lair_shrubbed, david_orc_3, enter_bailey_2,
          minmay_shop_damaged, uniq_erica, uniq_erolcha

Skill      XL: |  1  2  3  4  5  6  7  8  9 10 |
---------------+-------------------------------+-----
Transmutations | 1 |  1.0
Earth Magic    | 4 5 6 7 9 11 | 11.6
Spellcasting   | 3 4 5 7 8 9 |  9.2
Stealth        | 3 |  3.9
Dodging        | 2 3 |  3.3
Fighting       | 1 3 |  3.5
Axes           | 2 3 |  3.9
Conjurations   | 1 |  1.2
Unarmed Combat | |  0.1

Action                     |  1- 3 |  4- 6 |  7- 9 | 10-12 || total
---------------------------+-------+-------+-------+-------++-------
  Melee: Unarmed           |    10 |       |     3 |       ||    13
         Battleaxe         |       |       |    65 |    40 ||   105
         War axe           |       |       |    23 |       ||    23
   Cast: Sandblast         |    50 |    68 |   170 |    15 ||   303
         Brom's Barrelling |       |       |       |    15 ||    15
         Stone Arrow       |       |       |       |    12 ||    12
    Use: Scroll            |       |     3 |     9 |     6 ||    18
         Potion            |       |       |     2 |       ||     2
   Stab: Sleeping          |     1 |       |     1 |       ||     2
 Armour: Robe              |    16 |    25 |   199 |    83 ||   323
  Dodge: Dodged            |    18 |    18 |   138 |    40 ||   214

Table legend: (Time is in decaauts)
 A = Elapsed time spent in this place.
 B = Non-inter-level travel time spent in this place.
 C = Inter-level travel time spent in this place.
 D = Time resting spent in this place.
 E = Time spent auto-exploring this place.
 F = Levels seen in this place.
 G = Mean time per level.
                   A        B        C        D        E       F      G
               +--------+--------+--------+--------+--------+-----+--------+
         Total |   8393 |   8150 |    243 |   1023 |   4699 |  11 |  763.0 |
       Dungeon |   7795 |   7552 |    243 |    750 |   4641 |   9 |  866.1 |
         Sewer |    207 |    207 |      0 |     96 |      0 |   1 |  207.0 |
       Ossuary |    390 |    390 |      0 |    177 |     58 |   1 |  390.0 |
               +--------+--------+--------+--------+--------+-----+--------+

Top non-repeatable levels by time:
     D:1: 979 daAuts
     D:5: 953 daAuts
     D:4: 950 daAuts
     D:2: 929 daAuts
     D:3: 922 daAuts
     D:7: 918 daAuts
     D:8: 791 daAuts
     D:6: 757 daAuts
     D:9: 591 daAuts
 Ossuary: 390 daAuts
   Sewer: 207 daAuts
